Map: [ESL] Hardwire

Players

ByuN - Winner!

  • Race: Terran Terran

Ryung

  • Race: Terran Terran

Event: IEM Katowice 2022

VOD

Have the link to the VOD?

Description

Time

  • Played on: Feb. 23, 2022, 7:42 a.m.
  • Length: 19:50

All games in this series

Show
View Real Time Build Order
Export as new Build Order

ByuN Terran - Winner!

Build Orders: Gas First Reaper Expand, Banshee Rush 

Get SALT Encoding   

  12  0:00  SCV  
  13  0:12  SCV  
  14  0:16  Supply Depot  
  14  0:24  SCV  
  14  0:27  Refinery  
  15  0:38  SCV  
  16  0:43  Barracks  
  16  0:50  SCV  
  17  1:02  SCV  
  18  1:15  SCV  
  19  1:30  Reaper  
  19  1:31  Orbital Command  
  20  1:43  Command Center  
  20  1:53  Factory  
  20  1:57  SCV  
  21  2:04  Reaper  
  21  2:05  Refinery  
  22  2:12  Supply Depot  
  22  2:13  SCV  
  23  2:33  SCV  
  24  2:37  Hellion, Marine  
  24  2:41  Starport  
  27  2:46  SCV  
  28  2:56  Barracks Tech Lab  
  28  2:58  SCV, Orbital Command  
  29  2:59  Hellion  
  31  3:10  SCV  
  30  3:22  SCV  
  30  3:23  Hellion  
  30  3:25  SCV  
  34  3:28  Barracks Reactor  
  34  3:29  Banshee, Refinery  
  34  3:31  Cloaking Field  
  37  3:35  SCV  
  37  3:37  SCV  
  37  3:39  Supply Depot  
  38  3:47  SCV  
  37  3:49  SCV  
  37  3:58  Factory Tech Lab  
  37  3:59  SCV  
  37  4:01  SCV  
  39  4:04  Marine  
  39  4:05  Marine  
  41  4:11  SCV  
  41  4:12  Banshee  
  41  4:13  SCV  
  41  4:16  Cyclone  
  49  4:17  Supply Depot  
  49  4:23  SCV  
  50  4:26  SCV  
  50  4:29  Marine x2  
  53  4:36  Supply Depot, SCV  
  54  4:41  SCV  
  55  4:46  Marine x2  
  55  4:48  SCV  
  55  4:49  Siege Tank  
  61  4:58  Supply Depot, Raven  
  63  5:00  SCV x2  
  65  5:11  Marine  
  65  5:12  SCV x2, Marine  
  65  5:13  Refinery  
  69  5:15  Command Center  
  69  5:21  Siege Tank  
  69  5:24  SCV x2  
  74  5:29  Marine  
  74  5:30  Marine  
  76  5:36  SCV  
  76  5:42  SCV  
  75  5:50  Barracks  
  75  5:51  SCV, Barracks  
  75  5:54  Viking  
  75  5:55  Stimpack  
  78  6:09  SCV, Viking  
  78  6:13  Engineering Bay x2  
  78  6:14  Supply Depot  
  78  6:16  SCV, Marine, Siege Tank  
  83  6:21  SCV  
  83  6:25  Engineering Bay x2  
  84  6:27  Orbital Command  
  84  6:28  SCV  
  85  6:33  SCV  
  84  6:40  SCV  
  84  6:42  Barracks Reactor, Viking x2  
  84  6:43  Barracks Reactor  
  84  6:45  SCV  
  90  6:51  Barracks  
  90  6:52  Barracks, SCV  
  91  6:54  SCV  
  91  6:58  SCV  
  93  7:01  Marine  
  93  7:05  SCV  
  93  7:06  SCV  
  94  7:08  Terran Infantry Weapons Level 1  
  94  7:09  Sensor Tower  
  94  7:10  SCV  
  94  7:12  Siege Tank  
  98  7:16  Terran Infantry Armor Level 1  
  98  7:17  SCV  
  98  7:18  SCV  
  98  7:22  SCV, Marine  
  101  7:23  Marine x4  
  101  7:28  Refinery  
  101  7:29  SCV  
  107  7:30  SCV, Refinery  
  107  7:34  SCV  
  109  7:41  SCV  
  109  7:42  Barracks Reactor, Marine x2  
  109  7:43  Barracks Reactor  
  109  7:46  Supply Depot  
  109  7:48  Supply Depot, Armory, Combat Shield  
  109  7:57  SCV  
  109  8:00  Supply Depot, SCV x2, Marine x2  
  113  8:09  SCV  
  113  8:10  Medivac x2  
  113  8:11  Siege Tank, Marine, Command Center  
  113  8:12  SCV x2, Marine x2  
  126  8:17  Marine x2  
  126  8:18  Supply Depot  
  126  8:19  Supply Depot  
  128  8:21  Supply Depot, Marine x4  
  128  8:25  Supply Depot  
  131  8:28  SCV x3  
  131  8:32  Marine  
  135  8:34  Marine x2  
  135  8:39  Factory  
  135  8:40  SCV x3  
  140  8:45  Terran Vehicle Weapons Level 1  
  140  8:52  SCV x3  
  140  8:54  Viking x2  
  147  8:56  Siege Tank  
  147  8:59  Marine x7  
  155  9:04  SCV x3  
  158  9:10  Marine  
  159  9:17  Marine x6  
  159  9:19  Barracks Reactor  
  165  9:24  Medivac x2  
  165  9:28  Siege Tank  
  172  9:32  Marine x2  
  172  9:35  Marine x5  
  179  9:40  Terran Infantry Armor Level 2, Terran Infantry Weapons Level 2  
  179  9:45  Barracks  
  179  9:46  Barracks  
  179  9:49  SCV x2, Planetary Fortress, Barracks  
  179  9:50  SCV  
  182  10:01  Siege Tank  
  182  10:02  Marine x3  
  188  10:08  Viking x2, Marine x4  
  188  10:10  Marine  
  188  10:11  Marine  
  196  10:14  Command Center  
  196  10:16  Command Center  
  196  10:23  Marine  
  196  10:24  Marine  
  194  10:43  Siege Tank x2  
  194  10:45  Marine  
  194  10:47  Marine x3  
  194  10:48  Marine x2  
  194  10:49  Marine  
  184  10:53  Marine x5  
  184  10:54  Marine  
  188  11:03  Marine  
  177  11:05  Marine x3  
  177  11:07  Marine x2  
  177  11:09  Medivac x2  
  182  11:14  Marine  
  182  11:15  Marine x3, Siege Tank x2  
  182  11:18  Barracks Reactor x2  
  186  11:19  Barracks Reactor  
  186  11:21  Refinery  
  186  11:23  Command Center  
  186  11:25  Command Center  
  186  11:26  Marine  
  186  11:27  Marine x5  
  186  11:31  Marine  
  190  11:33  Marine x3  
  171  11:41  Medivac  
  171  11:42  Medivac  
  171  11:44  Marine x5  
  171  11:45  Marine  
  181  11:47  Planetary Fortress, Siege Tank x2  
  181  11:49  Marine  
  181  11:51  Marine x3  
  191  11:54  Orbital Command  
  188  12:02  Marine x3  
  188  12:07  Marine x2  
  179  12:08  Marine  
  179  12:09  Marine x8  
  179  12:10  Marine x2  
  179  12:11  Medivac  
  179  12:12  Medivac  
  193  12:19  Siege Tank x2  
  193  12:20  Marine  
  200  12:29  Marine  
  193  12:30  Marine x9  
  193  12:35  Orbital Command  
  193  12:36  Command Center  
  197  12:51  Siege Tank  
  197  12:55  Terran Infantry Armor Level 3, Terran Infantry Weapons Level 3  
  200  12:59  Starport  
  200  13:00  Starport  
  200  13:01  Command Center  
  200  13:03  Command Center  
  188  13:15  Marine x2  
  188  13:16  Marine x14  
  165  13:23  Siege Tank  
  168  13:28  Siege Tank  
  168  13:32  Marine  
  168  13:33  Marine x3  
  168  13:34  Marine x8  
  179  13:35  Marine  
  179  13:38  Marine  
  179  13:39  Marine x2  
  179  13:40  Viking x4  
  189  13:50  Marine  
  189  13:51  Marine x8  
  198  13:57  Marine  
  198  14:01  Marine  
  194  14:10  Siege Tank x2  
  194  14:11  Marine  
  194  14:12  Marine x4  
  191  14:17  Marine  
  191  14:21  Marine x2  
  181  14:24  Marine  
  181  14:26  Marine x2  
  181  14:28  Marine x5  
  181  14:29  Marine  
  181  14:30  Marine x3  
  167  14:33  Planetary Fortress  
  167  14:39  Marine  
  167  14:41  Marine  
  167  14:42  Siege Tank x2  
  167  14:43  Marine x2  
  167  14:44  Marine x3  
  164  14:45  Marine  
  164  14:46  Marine  
  164  14:47  Marine  
  164  14:49  Viking x2  
  171  14:54  Viking x2  
  171  14:58  Marine  
  168  15:05  Marine x6  
  168  15:06  Marine  
  175  15:08  Marine  
  175  15:09  Marine x2  
  175  15:10  Marine  
  175  15:11  Marine x2  
  175  15:14  Siege Tank x2  
  184  15:15  Marine  
  184  15:18  Marine  
  184  15:19  Medivac  
  191  15:23  Marine  
  191  15:24  Marine  
  191  15:25  Marine x6  
  191  15:26  Marine  
  191  15:27  Marine, Medivac  
  197  15:30  Viking, Marine  
  197  15:32  Marine x2  
  191  15:40  Marine  
  191  15:41  Marine  
  191  15:42  Medivac  
  188  15:43  Marine  
  188  15:45  Marine x2  
  188  15:46  Siege Tank x2  
  188  15:49  Medivac  
  195  15:50  Orbital Command  
  195  15:51  Marine x5  
  186  15:57  Marine  
  186  15:58  Marine x3  
  186  15:59  Medivac  
  186  16:00  Medivac  
  186  16:03  Marine  
  186  16:04  Marine x2  
  178  16:09  Marine x6  
  179  16:12  Medivac  
  179  16:16  Marine x2  
  179  16:17  Terran Vehicle Weapons Level 2  
  179  16:18  Siege Tank x2  
  189  16:19  Medivac  
  189  16:20  Marine x4  
  189  16:21  Marine  
  189  16:22  Marine x3  
  195  16:27  Marine x2  
  186  16:40  Marine  
  186  16:41  Marine x2  
  186  16:43  Marine x2  
  188  16:49  Marine x6  
  188  16:50  Marine x5  
  188  16:51  Viking  
  200  16:54  Starport x2  
  200  16:58  Marine  
  200  16:59  Marine x2  
  200  17:00  Marine, Siege Tank x2  
  200  17:01  Marine  
  179  17:04  Viking  
  179  17:06  Starport Tech Lab x2  
  179  17:07  Marine x5, Orbital Command x2  
  186  17:12  Marine  
  186  17:14  Marine x4  
  190  17:30  Marine  
  190  17:33  Siege Tank x2  
  190  17:35  Marine x7  
  196  17:51  Marine x5  
  196  17:58  Marine  
  198  18:00  Marine x4  
  199  18:06  Marine  
  199  18:12  Fusion Core  
  188  18:13  Starport x2  
  188  18:14  Marine x3  
  188  18:17  Marine x4  
  188  18:19  Marine x3  
  182  18:22  Marine  
  182  18:23  Marine x3, Siege Tank x2  
  182  18:24  Marine x2  
  182  18:26  Medivac x2  
  193  18:31  Marine  
  193  18:32  Marine x2  
  193  18:33  Medivac x2  
  196  18:35  Marine x4, Command Center  
  196  18:36  Marine  
  196  18:37  Marine  
  196  18:40  Marine x2  
  196  18:41  Marine x2  
  196  18:42  Marine  
  196  18:44  Marine x2  
  196  18:47  Refinery x2  
  197  18:49  Marine x3  
Show
View Real Time Build Order
Export as new Build Order

Ryung Terran 

Build Orders:  

Get SALT Encoding   

  12  0:00  SCV  
  13  0:12  SCV  
  14  0:17  Supply Depot  
  14  0:24  SCV  
  15  0:38  SCV  
  15  0:39  Barracks  
  16  0:43  Refinery  
  16  0:50  SCV  
  16  0:52  Refinery  
  17  1:02  SCV  
  18  1:14  SCV  
  19  1:26  Reaper, Orbital Command  
  19  1:32  Supply Depot  
  20  1:42  Factory  
  20  1:52  SCV  
  21  1:58  Reaper  
  22  2:04  SCV  
  23  2:16  SCV  
  23  2:22  Command Center  
  23  2:31  Hellion  
  23  2:32  SCV  
  23  2:33  Reaper  
  27  2:41  Supply Depot  
  27  2:44  SCV  
  28  2:47  Starport  
  28  2:55  Hellion  
  28  2:57  SCV  
  31  3:06  Barracks Reactor  
  31  3:09  SCV  
  32  3:18  Factory Tech Lab  
  31  3:21  SCV  
  31  3:25  Starport Tech Lab  
  32  3:30  Refinery  
  32  3:34  Orbital Command  
  32  3:36  SCV, Cyclone  
  36  3:42  Marine x2  
  37  3:52  SCV  
  38  4:00  Raven, Marine x2  
  38  4:01  SCV  
  43  4:04  SCV  
  44  4:10  Supply Depot  
  44  4:15  Siege Tank  
  47  4:18  Marine x2  
  47  4:19  SCV x2  
  51  4:31  SCV x2  
  52  4:38  Command Center  
  52  4:43  Raven  
  52  4:45  SCV  
  55  4:46  Supply Depot, SCV  
  56  4:55  Siege Tank  
  56  4:57  SCV  
  56  4:58  SCV  
  61  5:00  Refinery, Marine  
  61  5:05  Supply Depot  
  62  5:07  Marine  
  62  5:09  SCV  
  62  5:11  SCV  
  65  5:21  SCV, Marine  
  65  5:23  SCV  
  65  5:25  Marine  
  71  5:35  SCV x2  
  66  5:41  Siege Tank  
  66  5:47  SCV  
  66  5:48  SCV  
  68  5:51  Viking  
  68  5:52  Barracks, Viking, Orbital Command  
  68  5:53  Barracks  
  68  5:54  Stimpack, Marine  
  73  6:01  SCV  
  73  6:02  SCV  
  71  6:11  Orbital Command  
  71  6:13  Engineering Bay x2  
  71  6:14  SCV x2  
  71  6:15  Siege Tank  
  76  6:20  Marine  
  76  6:22  Viking  
  76  6:25  Viking  
  81  6:27  SCV x2  
  83  6:35  Supply Depot  
  83  6:39  SCV x2  
  85  6:40  Supply Depot  
  85  6:43  SCV  
  86  6:49  Siege Tank  
  86  6:51  Barracks Reactor, SCV x2  
  88  6:54  Viking  
  88  6:55  SCV, Viking  
  91  7:03  SCV x2  
  91  7:06  Terran Infantry Weapons Level 1  
  91  7:07  SCV, Terran Infantry Armor Level 1  
  91  7:15  SCV x2  
  91  7:19  SCV  
  93  7:24  Siege Tank  
  93  7:27  SCV x2  
  93  7:28  Viking  
  93  7:29  Viking  
  102  7:31  SCV  
  102  7:36  Supply Depot  
  102  7:37  Supply Depot  
  102  7:39  SCV  
  102  7:40  SCV  
  102  7:43  SCV, Barracks Reactor  
  103  7:51  Barracks  
  103  7:52  SCV x2, Barracks  
  103  7:53  Refinery  
  103  7:54  Refinery  
  103  7:55  SCV, Marine x3  
  109  8:04  SCV x2  
  109  8:05  Sensor Tower  
  111  8:07  Medivac x2  
  111  8:08  SCV  
  116  8:16  SCV x2, Armory  
  118  8:20  SCV  
  118  8:22  Marine x4  
  123  8:32  Supply Depot  
  123  8:34  Supply Depot x2  
  123  8:42  Combat Shield, Command Center  
  123  8:43  Barracks Reactor x2  
  123  8:44  Marine x2  
  123  8:48  Supply Depot x2  
  125  8:49  Marine x2  
  125  8:54  Siege Tank  
  127  8:56  Missile Turret  
  127  8:58  SCV x2, Factory  
  127  9:00  SCV  
  127  9:02  Marine x3  
  132  9:07  Viking, Marine  
  132  9:08  Terran Infantry Weapons Level 2  
  136  9:11  Terran Infantry Armor Level 2  
  136  9:15  Terran Vehicle Weapons Level 1  
  136  9:17  Supply Depot  
  136  9:18  Marine  
  136  9:20  Supply Depot, Marine x2  
  136  9:21  Marine  
  140  9:24  Viking  
  140  9:26  SCV x2  
  140  9:30  Marine x2  
  140  9:31  Marine  
  145  9:32  Siege Tank  
  145  9:33  Marine  
  145  9:34  Marine  
  145  9:36  Marine  
  151  9:40  Marine x3  
  154  9:46  Missile Turret  
  154  9:48  Missile Turret, Marine  
  154  9:51  Factory Tech Lab  
  155  9:52  Marine  
  155  9:53  Marine  
  155  9:55  Marine  
  158  10:04  Siege Tank  
  158  10:06  Missile Turret x2  
  161  10:10  SCV x3  
  161  10:12  Starport  
  161  10:13  Starport  
  164  10:14  Planetary Fortress  
  164  10:18  Refinery  
  164  10:22  SCV x3, Viking x2  
  164  10:27  Siege Tank  
  172  10:30  Marine x4  
  172  10:35  Supply Depot  
  176  10:37  Supply Depot, Refinery  
  176  10:40  SCV x2  
  176  10:41  SCV  
  179  10:49  Marine, Siege Tank  
  155  10:50  Marine, Liberator  
  155  10:53  Marine x2  
  155  10:55  Marine x3  
  155  10:56  Marine x2  
  167  10:59  Siege Tank  
  167  11:04  Liberator  
  173  11:07  Marine x2  
  173  11:10  SCV  
  173  11:11  SCV, Marine x2  
  170  11:13  Marine  
  170  11:17  Command Center  
  170  11:18  Starport Tech Lab  
  169  11:23  SCV  
  167  11:35  Marine x2  
  167  11:36  Marine x2  
  167  11:38  Siege Tank x2  
  171  11:40  Marine  
  171  11:41  Marine x2  
  171  11:42  Orbital Command  
  168  11:47  Raven  
  168  11:48  Starport Tech Lab  
  168  11:49  Marine  
  168  11:50  Marine  
  168  11:53  Marine x2  
  168  11:54  SCV x2, Marine x2  
  176  12:01  Marine  
  176  12:03  Marine x2  
  176  12:06  SCV  
  177  12:17  Sensor Tower  
  169  12:24  Raven  
  169  12:25  Viking x2  
  172  12:33  Siege Tank x2  
  178  12:38  Marine x6  
  178  12:39  Marine  
  178  12:40  Marine x2  
  186  12:45  Liberator  
  186  12:55  Marine x4  
  190  12:59  Marine x3  
  190  13:00  Marine  
  190  13:05  Siege Tank x2  
  186  13:13  Marine x3  
  186  13:17  Marine  
  186  13:19  Marine  
  154  13:20  Marine x2  
  154  13:21  Marine x2  
  157  13:30  Marine  
  157  13:31  Marine x2  
  159  13:35  Marine  
  159  13:37  Marine, Siege Tank  
  159  13:38  Marine x2  
  159  13:39  Marine x2  
  167  13:47  Siege Tank  
  169  13:48  Marine  
  169  13:51  Terran Infantry Armor Level 3  
  169  13:54  Marine x3  
  173  13:57  Marine  
  173  13:58  Marine  
  175  14:06  Marine  
  175  14:07  Marine  
  175  14:08  Marine x2  
  175  14:09  Siege Tank  
  168  14:12  Marine x3  
  168  14:16  Marine x2  
  169  14:19  Siege Tank  
  169  14:22  Raven  
  155  14:24  Marine  
  155  14:25  Marine x2  
  155  14:26  Marine  
  155  14:29  Marine x2  
  155  14:30  Marine  
  154  14:33  Marine  
  154  14:34  Marine  
  156  14:42  Marine  
  156  14:43  Planetary Fortress, Marine  
  156  14:45  Marine  
  143  14:50  Raven  
  143  14:51  Marine  
  143  14:52  Marine x3  
  142  15:00  Medivac  
  142  15:01  Medivac  
  146  15:11  Marine x2  
  146  15:12  Marine x3  
  146  15:13  Raven  
  153  15:16  Marine x2  
  153  15:17  Marine x2  
  157  15:29  Marine  
  157  15:31  Siege Tank  
  157  15:32  Siege Tank  
  157  15:33  Raven  
  157  15:34  Marine x2  
  151  15:36  Marine x6  
  151  15:38  Medivac  
  157  15:46  Marine  
  158  15:52  Marine x2  
  158  15:54  Marine x3  
  158  15:55  Marine  
  158  15:56  Marine x2  
  158  16:03  Raven  
  144  16:04  Marine  
  144  16:06  Siege Tank  
  144  16:09  Marine  
  144  16:10  Marine  
  150  16:12  Marine x3  
  150  16:13  Marine x2, Medivac  
  150  16:14  Marine  
  150  16:16  Refinery  
  150  16:17  Refinery  
  155  16:22  Marine  
  154  16:27  Marine x2  
  154  16:29  Marine  
  154  16:30  Marine x2  
  154  16:31  Marine  
  160  16:36  Marine  
  160  16:37  Marine  
  141  16:40  Marine  
  141  16:43  Medivac x2  
  141  16:45  Marine x2  
  145  16:47  Marine x2  
  145  16:48  Marine  
  145  16:49  Marine  
  145  16:54  Marine x2  
  145  16:58  Marine  
  145  17:01  Medivac  
  137  17:02  Raven  
  137  17:03  Marine x2  
  137  17:05  Marine x3  
  137  17:07  Orbital Command  
  142  17:08  Marine  
  142  17:12  Marine x2  
  143  17:16  Marine  
  143  17:21  Marine x2  
  144  17:23  Marine x3  
  144  17:26  Viking x2, Marine  
  148  17:30  Marine  
  148  17:33  Refinery  
  148  17:35  Marine x2  
  151  17:38  Marine  
  151  17:40  Marine  
  151  17:41  Marine  
  151  17:43  Marine x2  
  156  17:44  Marine  
  156  17:48  Marine  
  158  17:53  Marine x2  
  143  18:18  Marine x2  
  132  18:20  Marine x2  
  132  18:22  Marine x2  
  132  18:48  Supply Depot x2  
  132  19:09  Viking, Marine x3  
  140  19:10  Siege Tank  
  140  19:11  Marine x2  
  140  19:13  Marine x2  
  140  19:16  Marine x2  
  134  19:27  Marine x3  
  134  19:29  Marine x2  
  134  19:31  Marine  

Tags
 
Add a new tag
Caveats
  • Supply blocks, unpowered buildings, or Contaminate may cause inaccurate times.
  • Supply counts are checked every 10 seconds.